 Dungeon Crawl Stone Soup version 5.7-8-g3a8b389 (webtiles) character file.

2915 flotson the Fighter (level 11, -5/86 HPs)
             Began as a Demonspawn Monk on Apr 7, 2019.
             Was a High Priest of Okawaru.
             Killed from afar by an efreet (shapeshifter) (34 damage)
             ... with a fireball
             ... on level 8 of the Dungeon.
             The game lasted 00:21:17 (7952 turns).

flotson the Fighter (Demonspawn Monk)               Turns: 7952, Time: 00:21:18

Health: -5/86      AC: 20 (28%)Str: 15  XL:     11   Next: 6%
Magic:  15/16      EV: 14    Int: 12    God:    Okawaru [5*[147]]
Gold:   551        SH: 23    Dex: 15    Spells: 17/17 levels left

rFire    . . .     SeeInvis .   N - +4 broad axe
rCold    . . .     Faith    +   j - +0 large shield
rNeg     . . .     Spirit   .   t - +0 scale mail
rPois    .         Reflect  +   i - +0 hat
rElec    .         Clarity  +   g - +0 cloak
rCorr    .                      m - +0 pair of gloves
MR       +....                  h - +0 pair of boots
Stlth    +.........             A - amulet of faith
Regen    0.3/turn               c - ring of protection from magic
MPRegen  0.3/turn               (no ring)

@: no status effects
A: horns 1, slimy green scales 2, clarity, ignite blood 1, powered by death 1,
shaggy fur, crystal skin, reflection
a: Finesse, Renounce Religion


You were on level 8 of the Dungeon.
You worshipped Okawaru.
Okawaru was extremely pleased with you.
You were not hungry.

You visited 1 branch of the dungeon, and saw 8 of its levels.
You also visited: Ossuary and Bailey.

You collected 551 gold pieces.

Inventory:

Hand Weapons
 N - a +4 broad axe (weapon)
Missiles
 s - 9 curare darts (quivered)
 K - 70 poisoned darts
 L - 640 tomahawks
Armour
 g - a +0 cloak (worn)
 h - a +0 pair of boots (worn)
 i - a +0 hat (worn)
 j - a +0 large shield (worn)
 m - a +0 pair of gloves (worn)
 t - a +0 scale mail (worn)
 u - a +0 buckler
Jewellery
 c - a ring of protection from magic (left hand)
 A - an amulet of faith (around neck)
Wands
 a - a wand of confusion (10)
 l - a wand of digging (7)
 n - a wand of enslavement (3)
 w - a wand of flame (7)
 G - a wand of scattershot (2)
Scrolls
 d - 5 scrolls of teleportation
 e - 3 scrolls of amnesia
 k - 3 scrolls of fear
 p - a scroll of magic mapping
 y - a scroll of enchant armour
 H - a scroll of fog
 I - a scroll of immolation
 J - a scroll of torment
Potions
 f - 3 potions of heal wounds
 o - 3 potions of resistance
 r - 3 potions of berserk rage
 v - 4 potions of magic
 x - 2 potions of flight
 z - 4 potions of augmentation
 B - a potion of lignification
 C - 3 potions of invisibility
 D - 4 potions of ambrosia
 E - 2 potions of cancellation
 M - 8 potions of mutation


   Skills:
 + Level 8.3(12.3) Fighting
 + Level 7.7(11.7) Axes
 - Level 1.0(5.0) Throwing
 + Level 6.7(10.7) Armour
 + Level 7.6(11.6) Dodging
 - Level 2.0 Stealth
 + Level 6.7(10.7) Shields
 - Level 4.0 Invocations


You had 17 spell levels left.
You didn't know any spells.
Your spell library was empty.

Dungeon Overview and Level Annotations

Branches:
Dungeon (8/15)

Altars:
Cheibriados
Dithmenos
Elyvilon
Gozag
Jiyva
Kikubaaqudgha
Lugonu
Makhleb
Nemelex Xobeh
Okawaru
Qazlal
Ru
Sif Muna
Trog
Uskayaw
Vehumet
Wu Jian
Xom
Yredelemnul
Zin
The Shining One


Innate Abilities, Weirdness & Mutations

You have a pair of small horns on your head.
You are mostly covered in slimy green scales. (AC +3)
Your demonic aura occasionally causes spilled blood to erupt in flames.
You regenerate a little health from kills.
Your crystalline skin blocks enemy attacks. (SH +6)
Your crystalline skin reflects projectiles.
You possess an exceptional clarity of mind.
You are covered in thick fur. (AC +4)


Message History

You kill the centaur warrior!
Okawaru is honoured by your kill.
You have reached level 11!
Your demonic ancestry asserts itself...
Your crystalline skin becomes reflective.
You block the efreet's attack.
You hit the efreet (6). Your headbutt misses the efreet.
The efreet is lightly wounded.
The efreet gestures at you. The bolt of fire hits you!
That hurt (22)!
You barely miss the efreet.
The efreet is lightly wounded.
The efreet gestures at you.
The fireball explodes!
The fireball engulfs you!
That hurt (26)!
* * * LOW HITPOINT WARNING * * *
The fireball engulfs the efreet (0).
The efreet completely resists.
You feel much better. The efreet gestures at you.
The fireball explodes!
The fireball engulfs you!
That hurt (34)!
You die...

.### #..................# ##
##...##...........## #
#...#............#
#...........[....# ######..
.######.##....### ........
#...#...#......## .#####. #.
#..#.#...##..## # .# #..
#.###...##.#####.#.# .# #..
##.###@##..#####..# .# #.#
####)###R#.##......#
.#####.###{cO#.##s#......#####
.##.....##|9p##§§p#...######.#
.........##Ws######..## #.##
..##......##### #..## ##.#
...# #...##...# #...####..##
...###..###...## #....##....#
....###........## #....#..####


You could see a death knight, a wolf spider and an efreet.

Vanquished Creatures
  A centaur warrior (D:8)
  An ogre mage (D:8)
  An unseen horror (D:8)
  Pikel (D:7)
  An orc knight (Bailey)
  A cyclops (D:8)
  Joseph (D:7)
  A yaktaur (D:8)
  A wraith (D:8)
  5 humans (D:7)
  An angry ghost (D:8)
  Duvessa (D:7)
  2 ice beasts
  A slave (D:7)
  An orc warrior (D:7)
  3 ogres
  4 centaurs
  A bullfrog (D:6)
  5 water moccasin zombies (Ossuary)
  5 scorpions
  13 wights
  A crimson imp (D:7)
  A howler monkey (D:5)
  2 quasits (D:5)
  4 centaur skeletons (D:6)
  6 hounds
  A gnoll shaman (D:8)
  5 orc priests
  4 jellies
  6 orc wizards
  Terence (D:3)
  A worker ant (D:3)
  A killer bee zombie (D:6)
  A big kobold zombie (Ossuary)
  2 mummies (Ossuary)
  8 adders
  14 gnolls
  A shadow imp (D:7)
  6 adder zombies (Ossuary)
  An adder skeleton (D:4)
  2 dart slugs
  29 orcs
  9 quokkas
  A giant cockroach (D:1)
  15 hobgoblins
  3 jackals (D:4)
  9 bats
  9 frilled lizards
  4 gnoll zombies (Ossuary)
  10 goblins
  9 hobgoblin zombies (Ossuary)
  19 kobolds
  3 kobold zombies (Ossuary)
  4 orc zombies (Ossuary)
  13 rats
256 creatures vanquished.

Vanquished Creatures (collateral kills)
  A gnoll (Bailey)
  An orc (D:6)
  A goblin (D:3)
  A kobold (Bailey)
4 creatures vanquished.

Vanquished Creatures (others)
  3 slaves (D:7)
  Dowan (D:7)
  A gnoll (Bailey)
  A kobold (Bailey)
6 creatures vanquished.

Grand Total: 266 creatures vanquished

Notes
Turn   | Place    | Note
-------+----------+-------------------------------------------
     0 | D:1      | flotson the Demonspawn Monk began the quest for the Orb.
     0 | D:1      | Reached XP level 1. HP: 18/18 MP: 2/2
   138 | D:1      | Gained mutation: You are partially covered in slimy green scales. (AC +2) [demonic ancestry]
   138 | D:1      | Reached XP level 2. HP: 22/24 MP: 3/3
   138 | D:1      | Reached skill level 1 in Armour
   779 | D:2      | Reached XP level 3. HP: 29/29 MP: 5/5
   803 | D:2      | Found a white marble altar of Elyvilon.
   819 | D:2      | Reached skill level 1 in Throwing
   825 | D:2      | Found a sacrificial altar of Ru.
  1052 | D:2      | Found a faded altar of an unknown god.
  1213 | D:2      | Gained mutation: You have a pair of small horns on your head. [demonic ancestry]
  1213 | D:2      | Reached XP level 4. HP: 35/35 MP: 6/6
  1552 | D:2      | Found a glowing golden altar of the Shining One.
  1724 | D:2      | Gained mutation: You possess an exceptional clarity of mind. [mutagenic hatch]
  1828 | D:3      | Reached skill level 1 in Shields
  1828 | D:3      | Gained mutation: You are mostly covered in slimy green scales. (AC +3) [demonic ancestry]
  1828 | D:3      | Reached XP level 5. HP: 5/42 MP: 8/8
  2271 | D:3      | Found a radiant altar of Vehumet.
  2271 | D:3      | Found a shimmering altar of Xom.
  2271 | D:3      | Found a glowing silver altar of Zin.
  2271 | D:3      | Found a corrupted altar of Lugonu.
  2271 | D:3      | Found an ornate altar of the Wu Jian Council.
  2271 | D:3      | Found an opulent altar of Gozag.
  2272 | D:3      | Found a bloodstained altar of Trog.
  2272 | D:3      | Found an iron altar of Okawaru.
  2276 | D:3      | Found a snail-covered altar of Cheibriados.
  2276 | D:3      | Found a hide-covered altar of Uskayaw.
  2280 | D:3      | Became a worshipper of Warmaster Okawaru
  2280 | D:3      | Reached * piety under Okawaru
  2280 | D:3      | Reached ** piety under Okawaru
  2306 | D:3      | Noticed Terence
  2349 | D:3      | Killed Terence
  2349 | D:3      | Reached skill level 4 in Fighting
  2349 | D:3      | Reached XP level 6. HP: 17/48 MP: 9/9
  3006 | D:3      | Found a viscous altar of Jiyva.
  3086 | D:3      | Gained mutation: Your magical capacity is low. (-10% MP) [mutagenic hatch]
  3611 | D:4      | Found a basalt altar of Yredelemnul.
  4050 | D:4      | Gained mutation: Armour fits poorly on your strangely shaped body. [mutagenic hatch]
  4050 | D:5      | Entered Level 5 of the Dungeon
  4068 | D:5      | Gained mutation: You regenerate a little health from kills. [demonic ancestry]
  4068 | D:5      | Reached XP level 7. HP: 53/55 MP: 9/9
  4105 | D:5      | Found an ancient bone altar of Kikubaaqudgha.
  4143 | D:5      | Found a stormy altar of Qazlal.
  4379 | D:5      | Found a sand-covered staircase.
  4389 | Ossuary  | Entered an ossuary
  4569 | Ossuary  | Reached skill level 5 in Fighting
  4603 | Ossuary  | Reached *** piety under Okawaru
  4805 | D:5      | Lost mutation: Armour fits poorly on your strangely shaped body. [potion of mutation]
  4805 | D:5      | Lost mutation: Your magical capacity is low. (-10% MP) [potion of mutation]
  4805 | D:5      | Lost mutation: You possess an exceptional clarity of mind. [potion of mutation]
  4805 | D:5      | Gained mutation: You possess an exceptional clarity of mind. [potion of mutation]
  4805 | D:5      | Gained mutation: You are covered in thick fur. (AC +4) [potion of mutation]
  4816 | D:5      | Reached XP level 8. HP: 45/62 MP: 12/12
  5020 | D:5      | Found a sparkling altar of Nemelex Xobeh.
  5772 | D:6      | Found a shadowy altar of Dithmenos.
  5826 | D:6      | Reached skill level 5 in Dodging
  5878 | D:6      | Found a deep blue altar of Sif Muna.
  5939 | D:6      | Reached skill level 5 in Axes
  6228 | D:7      | Noticed Pikel
  6258 | D:7      | Killed Pikel
  6258 | D:7      | Received a gift from Okawaru
  6258 | D:7      | Reached skill level 6 in Fighting
  6258 | D:7      | Gained mutation: Your demonic aura occasionally causes spilled blood to erupt in flames. [demonic ancestry]
  6258 | D:7      | Reached XP level 9. HP: 46/69 MP: 14/14
  6263 | D:7      | Reached **** piety under Okawaru
  6296 | D:7      | Noticed Joseph
  6308 | D:7      | Killed Joseph
  6329 | D:7      | Reached skill level 5 in Armour
  6337 | D:7      | Reached skill level 5 in Shields
  6354 | D:7      | Killed Dowan
  6363 | D:7      | Reached skill level 7 in Fighting
  6454 | D:7      | Noticed Duvessa
  6466 | D:7      | Killed Duvessa
  6499 | D:7      | Found a burning altar of Makhleb.
  6603 | D:7      | Found a flagged portal.
  6626 | Bailey   | Entered a bailey
  6751 | Bailey   | Gained mutation: Your crystalline skin blocks enemy attacks. (SH +6) [demonic ancestry]
  6751 | Bailey   | Reached XP level 10. HP: 79/79 MP: 15/15
  6780 | Bailey   | Noticed an orc knight
  6797 | Bailey   | Killed an orc knight
  6797 | Bailey   | Reached ***** piety under Okawaru
  7215 | D:8      | Noticed a cyclops
  7227 | D:8      | Killed a cyclops
  7342 | D:8      | Found a corrupted altar of Lugonu.
  7518 | D:8      | Received a gift from Okawaru
  7921 | D:8      | Found a runed door.
  7921 | D:8      | Noticed a centaur warrior
  7923 | D:8      | Noticed a molten gargoyle
  7923 | D:8      | Noticed an ogre mage
  7923 | D:8      | Noticed a wolf spider
  7923 | D:8      | Noticed a death knight
  7943 | D:8      | Killed an ogre mage
  7943 | D:8      | Reached skill level 8 in Fighting
  7947 | D:8      | Noticed an unseen horror
  7948 | D:8      | Killed an unseen horror
  7949 | D:8      | Killed a centaur warrior
  7949 | D:8      | Gained mutation: Your crystalline skin reflects projectiles. [demonic ancestry]
  7949 | D:8      | Reached XP level 11. HP: 51/86 MP: 14/16
  7951 | D:8      | HP: 3/86 [efreet (shapeshifter)/fireball (26)]
  7952 | D:8      | Killed from afar by an efreet (shapeshifter)

Skill      XL: |  1  2  3  4  5  6  7  8  9 10 |
---------------+-------------------------------+-----
Armour         | 1 2 3 4 5 6 |  6.7
Stealth        | 2 |  2.0
Throwing       | 1 |  1.0
Dodging        | 3 4 5 6 7 |  7.6
Invocations    | 4 |  4.0
Axes           | 3 4 5 6 7 |  7.7
Shields        | 1 2 3 4 5 6 |  6.7
Fighting       | 4 5 6 7 8 |  8.3

Action                   |  1- 3 |  4- 6 |  7- 9 | 10-12 || total
-------------------------+-------+-------+-------+-------++-------
Melee: Hand axe          |    25 |       |       |       ||    25
       Dagger            |   130 |   109 |   182 |       ||   421
       Headbutt          |       |    32 |    96 |    18 ||   146
       Mace              |       |   106 |    71 |       ||   177
       Flail             |       |       |   258 |    26 ||   284
       Broad axe         |       |       |       |    88 ||    88
Throw: Tomahawk          |       |     3 |     4 |       ||     7
       Frenzy dart       |       |       |     8 |     4 ||    12
       Poisoned dart     |       |       |    20 |     2 ||    22
       Curare dart       |       |       |     2 |     1 ||     3
Invok: Finesse           |       |       |       |     1 ||     1
Evoke: Wand              |       |     2 |       |       ||     2
  Use: Potion            |       |     1 |     1 |     2 ||     4
       Scroll            |       |       |       |     4 ||     4
 Stab: Sleeping          |       |     1 |       |       ||     1
Armor: Chain mail        |   120 |    10 |       |       ||   130
       Ring mail         |       |    32 |       |       ||    32
       Skin              |       |     2 |       |       ||     2
       Scale mail        |       |    46 |   253 |    23 ||   322
Dodge: Dodged            |    34 |    50 |   184 |    29 ||   297
Block: Large shield      |    62 |   145 |   421 |   138 ||   766
